 Dungeon Crawl Stone Soup version 0.30-b1-2-g02819fbbbe (webtiles) character file.

Game seed: 2285536145741258077

114 Arcadio the Shooter (level 5, 0/41 HPs)
             Began as a Formicid Hunter on May 20, 2023.
             Killed by divine providence
             ... invoked by an orc priest
              (13 damage)
             ... on level 3 of the Dungeon.
             The game lasted 00:06:07 (1619 turns).

Arcadio the Shooter (Formicid Hunter)               Turns: 1619, Time: 00:06:09

Health: 0/41       AC:  3    Str: 15    XL:     5   Next: 18%
Magic:  5/5        EV: 12    Int:  9    God:
Gold:   67         SH:  0    Dex: 19    Spells: 4/4 levels left

rFire   + . .        a - +0 shortbow
rCold   . . .        (no shield)
rNeg    . . .        c - +0 leather armour
rPois   .            (helmet unavailable)
rElec   .            (no cloak)
rCorr   .            (no gloves)
SInv    +            (no boots)
Will    .....        (no amulet)
Stlth   ++           m - ring of protection from fire
HPRegen 0.26/turn    (no ring)
MPRegen 0.09/turn

%: no passive effects
@: no status effects
A: permanent stasis, dig shafts and tunnels, antennae 3, four strong arms
a: Dig, Shaft Self


You were on level 3 of the Dungeon.
You visited 1 branch of the dungeon, and saw 3 of its levels.

You collected 115 gold pieces.
You spent 48 gold pieces at shops.

Inventory:

Hand Weapons
 a - a +0 shortbow (weapon)
 e - a +0 short sword
Armour
 c - a +0 leather armour (worn)
 h - an orb of energy
Jewellery
 m - a ring of protection from fire (left hand)
Scrolls
 b - a scroll of immolation
 i - a scroll of noise {unknown}
 k - a scroll of enchant weapon {unknown}
 o - a scroll of brand weapon {unknown}
Potions
 g - 2 potions of might
 j - 2 potions of curing
 l - 2 potions of invisibility
 n - a potion of cancellation


   Skills:
 + Level 3.5 Fighting
 + Level 4.8 Ranged Weapons
 + Level 2.6 Armour
 - Level 1.7 Dodging
 - Level 1.2 Stealth


You had 4 spell levels left.
You didn't know any spells.
Your spell library contained the following spells:

 Spells                   Type           Power      Damage    Failure   Level
 Olgreb's Toxic Radiance  Pois           0%         N/A       99%         4
 Discord                  Hex            0%         N/A       100%        8
 Ignition                 Fire           0%         3d3       100%        8


Dungeon Overview and Level Annotations

Branches:
Dungeon (3/15) Zot: 16344

Altars:

Shops:
D:1 [!   D:2 =


Innate Abilities, Weirdness & Mutations

You cannot be hasted, slowed, berserked, paralysed or teleported.
You can dig through walls and to a lower floor.
You have a pair of large antennae on your head. (SInv)
Your four strong arms can wield two-handed weapons with a shield.


Message History

You shoot an arrow. The arrow closely misses the orc.
The arrow barely misses the orc priest.
The orc completely misses you.
Fire: a) +0 shortbow
Press: ? - help, Q - select action, (/) - cycle Shift-Dir - straight line, f/p - orc priest
Aim: an orc priest, wielding a +0 dagger (severely wounded, 64% to hit)
You shoot an arrow. The arrow hits the orc.
The orc is almost dead.
The orc hits you with a +0 dagger. x2
Fire: a) +0 shortbow
Press: ? - help, Q - select action, (/) - cycle Shift-Dir - straight line, f/p - orc priest
Aim: an orc priest, wielding a +0 dagger (heavily wounded, 64% to hit)
You shoot an arrow. The arrow hits the orc!
You kill the orc!
Fire: a) +0 shortbow
Press: ? - help, Q - select action, (/) - cycle Shift-Dir - straight line, f/p - orc priest
Aim: an orc priest, wielding a +0 dagger (heavily wounded, 64% to hit)
You shoot an arrow. The arrow hits the orc priest.
The orc priest is severely wounded.
The orc priest closely misses you.
Fire: a) +0 shortbow
Press: ? - help, Q - select action, (/) - cycle Shift-Dir - straight line, f/p - orc priest
Aim: an orc priest, wielding a +0 dagger (severely wounded, 64% to hit)
You shoot an arrow. The arrow hits the orc priest.
The orc priest is almost dead.
The orc priest hits you but does no damage.
Fire: a) +0 shortbow
Press: ? - help, Q - select action, (/) - cycle Shift-Dir - straight line, f/p - orc priest
Aim: an orc priest, wielding a +0 dagger (almost dead, 64% to hit)
You shoot an arrow. The arrow barely misses the orc priest.
The orc priest hits you with a +0 dagger.
The orc priest closely misses you.
Fire: a) +0 shortbow
Press: ? - help, Q - select action, (/) - cycle Shift-Dir - straight line, f/p - orc priest
Aim: an orc priest, wielding a +0 dagger (almost dead, 64% to hit)
You shoot an arrow.
The arrow closely misses the orc priest.
The orc priest mumbles some strange prayers to Beogh against you.
Beogh smites you!
You die...

#.....#
#.##### #.#
.... #.#
.†.. #.#
..... #.# .
... #)#
...... #.#
....#.##@#
.......#o#
#..)..#
.....).....#
####..##...#
#.. .#..# ##
. #.# .. ..
#. ...


You could see an orc priest.

Vanquished Creatures
  An orc priest (D:2)
  An orc wizard (D:3)
  An adder (D:2)
  A worm (D:2)
  A dart slug (D:2)
  7 orcs
  4 endoplasms
  A giant cockroach (D:2)
  A goblin (D:2)
  3 hobgoblins
  2 quokkas
  3 ball pythons (D:2)
  3 bats
  A frilled lizard (D:1)
  6 kobolds
  2 rats
38 creatures vanquished.

Notes
Turn   | Place    | Note
-------+----------+-------------------------------------------
     0 | D:1      | Arcadio the Formicid Hunter began the quest for the Orb.
     0 | D:1      | Reached XP level 1. HP: 16/16 MP: 1/1
   304 | D:1      | Found Diugurcho's Antique Armour Shop.
   461 | D:1      | Reached XP level 2. HP: 23/23 MP: 2/2
   753 | D:1      | Found Errogag's Distillery.
   759 | D:1      | Bought a potion of degeneration for 12 gold pieces
   759 | D:1      | Bought a potion of curing for 36 gold pieces
   798 | D:1      | Reached skill level 1 in Armour
   944 | D:2      | Reached XP level 3. HP: 17/29 MP: 3/3
   944 | D:2      | Reached XP level 4. HP: 21/35 MP: 4/4
  1100 | D:2      | Found Faskaili's Jewellery Shoppe.
  1604 | D:3      | Reached XP level 5. HP: 35/41 MP: 5/5
  1619 | D:3      | Killed from afar by an orc priest

Illustrated notes

Levels and vault maps discovered:
D:1:      dpeg_arrival_stone_temple_mockup, layout_loops_corners, serial_shops,
          shop, nicolae_shop_hallway_plus
D:2:      layout_loops_cross, serial_shops, nicolae_shop_crystal
D:3:      layout_rooms, vehumet_statue, ebering_ecumenical_altar_sacrificial,
          serial_shops, shop, uniq_sigmund

Skill      XL: |  1  2  3  4 |
---------------+-------------+-----
Armour         | 1 2 |  2.6
Fighting       | 3 |  3.5
Ranged Weapons | |  4.8
Dodging        | |  1.7
Stealth        | |  1.2

Action                     |  1- 3 |  4- 6 || total
---------------------------+-------+-------++-------
   Fire: Shortbow          |    54 |    59 ||   113
Ability: Dig               |     2 |       ||     2
    Use: Scroll            |       |     4 ||     4
 Armour: Leather armour    |     5 |     4 ||     9
  Dodge: Dodged            |    17 |     9 ||    26
